 Dungeon Crawl Stone Soup version 0.25-a0-435-g4b9beb1024 (webtiles) character file.

Game seed: 9961436710313927586, levelgen mode: deterministic

4060 Elellon the Thaumaturge (level 10, -8/56 HPs)
             Began as a Deep Elf Conjurer on Jan 29, 2020.
             Was a Believer of Vehumet.
             Mangled by a killer bee (9 damage)
             ... on level 8 of the Dungeon.
             The game lasted 00:18:37 (8997 turns).

Elellon the Thaumaturge (Deep Elf Conjurer)         Turns: 8997, Time: 00:18:38

Health: -8/56      AC: 10    Str:  7    XL:     10   Next: 5%
Magic:  10/27      EV: 17    Int: 22    God:    Vehumet [**....]
Gold:   513        SH:  0    Dex: 15    Spells: 24/32 levels left

rFire    . . .     SeeInvis .   d - +9 dagger (elec)
rCold    + . .     Gourm    .   (no shield)
rNeg     + . .     Faith    .   t - +4 leather armour of Qame {-Tele rC+ rN+ Regen+}
rPois    .         Spirit   .   u - +0 helmet
rElec    .         Reflect  .   q - +1 cloak
rCorr    .         Harm     .   (no gloves)
MR       +....     NoTele   +   (no boots)
Stlth    ++........             (no amulet)
HPRegen  0.58/turn              r - +2 ring of evasion
MPRegen  0.20/turn              (no ring)

@: lethally poisoned (-8 -> -13), very slightly contaminated
A: no striking features
a: Renounce Religion


You were on level 8 of the Dungeon.
You worshipped Vehumet.
Vehumet was pleased with you.
You were not hungry.

You visited 2 branches of the dungeon, and saw 9 of its levels.
You also visited: Ossuary.

You collected 513 gold pieces.

Inventory:

Hand Weapons
 d - a +9 dagger of electrocution (weapon)
Armour
 a - a +0 robe
 m - a +0 helmet
 q - a +1 cloak (worn)
 t - the +4 leather armour of Qame (worn) {-Tele rC+ rN+ Regen+}
   (You found it on level 4 of the Dungeon)

   It protects you from cold.
   It protects you from negative energy.
   It prevents most forms of teleportation.
   It increases your rate of regeneration.
   If you remove this armour, your AC will fall 7 points (10 -> 3)
 u - a +0 helmet (worn)
Jewellery
 r - a +2 ring of evasion (left hand)
 x - an uncursed ring of fire {unknown}
 E - a cursed ring of teleportation {unknown}
Wands
 e - a wand of iceblast (9)
 y - a wand of enslavement (10)
 A - a wand of clouds (4)
 B - a wand of flame (16)
Scrolls
 h - 9 scrolls of identify
 l - 4 scrolls of teleportation
 o - a scroll of fog
 z - a scroll of holy word
 C - 2 scrolls of summoning
 D - 2 scrolls of enchant weapon
 G - a scroll of remove curse
Potions
 b - 6 potions of haste {unknown}
 f - 2 potions of degeneration {unknown}
 g - a potion of berserk rage {unknown}
 i - a potion of magic {unknown}
 j - 6 potions of curing {unknown}
 k - 4 potions of flight {unknown}
 n - 3 potions of might {unknown}
 p - a potion of ambrosia {unknown}
 s - 2 potions of mutation {unknown}
 v - a potion of heal wounds {unknown}
 w - 3 potions of agility
 F - a potion of brilliance {unknown}
Comestibles
 c - 10 rations


   Skills:
 + Level 3.9 Fighting
 + Level 6.4 Dodging
 - Level 2.4 Stealth
 + Level 11.7 Spellcasting
 + Level 10.6 Conjurations
 + Level 1.8 Fire Magic


You had 24 spell levels left.
You knew the following spells:

 Your Spells              Type           Power        Failure   Level  Hunger
a - Magic Dart            Conj           ####         1%          1    None
b - Searing Ray           Conj           ######       1%          2    None
c - Iskenderun's Mystic   Conj/Tloc      #####...     9%          4    None
d - Foxfire               Conj/Fire      ####         1%          1    None

Your spell library contained the following spells:

 Spells                   Type           Power        Failure   Level  Hunger
 Freeze                   Ice            ##..         8%          1    None
 Dazzling Flash           Conj/Hex       #####.       2%          3    None
 Fulminant Prism          Conj/Hex       #####.....   9%          4    None


Dungeon Overview and Level Annotations

Branches:
Dungeon (8/15)             Temple (1/1) D:5         Ossuary (visited)
   Lair: D:8-11

Altars:
Dithmenos
Fedhas
Hepliaklqana
Kikubaaqudgha
Qazlal
Ru
Trog
Vehumet
Wu Jian
The Shining One

Shops:
D:8 (


Message History

Aim: a killer bee (berserk, fast, unusually strong)
The searing ray misses the killer bee.
The searing ray hits the killer bee!
The killer bee is heavily wounded.
The searing ray hits the killer bee!
The killer bee is heavily wounded. (Press . to maintain the ray.)
You feel sick. The killer bee closely misses you. x2
The killer bee rages.
The killer bee stings you!
* * * LOW HITPOINT WARNING * * *
A killer bee comes into view.
The searing ray hits the killer bee!!
The killer bee is severely wounded.
The searing ray hits the killer bee!
The killer bee is almost dead.
You feel sick. The killer bee stings you!
* * * LOW HITPOINT WARNING * * *
The killer bee stings you but does no damage.
The killer bee stings you!
You die...

#.# ... #.# #..
#.# ## ... ####.#
#. #.#
#....#######. #.#
#.##.......'.
#h##.#.###.######.
#.##.#).>.........
#@##.###.#.######.
#y##.# #.#.# ##
###y##.###.#.#
#.yyy........###
#..yc............
#..y...........#.#
###....####....#
#..#.# ##....
#$.##. ..#.#


You could see a centaur, a hound and 7 killer bees.

Vanquished Creatures
  A queen bee (D:8)
  A hornet (D:8)
  Prince Ribbit (D:7)
  A hippogriff (D:6)
  Sigmund (D:5)
  A hungry ghost (D:7)
  2 black bears (D:7)
  2 orc warriors (D:7)
  A phantom (D:7)
  An ogre (D:5)
  2 sky beasts
  A centaur (D:6)
  7 bullfrogs
  A water moccasin zombie (D:6)
  2 scorpions
  3 killer bees (D:8)
  A vampire bat (D:5)
  3 howler monkeys
  2 crimson imps
  A bullfrog zombie (D:5)
  A centaur zombie (D:6)
  A hound (D:4)
  A jelly (D:6)
  4 orc priests
  3 centaur skeletons
  A bullfrog skeleton (D:6)
  Terence (D:3)
  2 iguanas (D:5)
  4 orc wizards
  8 worker ants
  8 mummies (Ossuary)
  Robin (D:2)
  2 worker ant zombies
  7 gnolls
  9 adders
  2 shadow imps (D:7)
  An ooze (D:5)
  3 dart slugs
  3 fire bats (D:5)
  5 worms
  2 leopard geckos (D:4)
  24 orcs
  2 spectral bats (D:5)
  2 ball pythons
  3 bat skeletons (D:5)
  A bat zombie (D:5)
  2 giant cockroaches
  A gnoll zombie (Ossuary)
  13 goblins
  7 hobgoblins
  6 jackals
  8 kobolds
  3 quokkas
  13 bats
  A bat simulacrum (D:5)
  6 frilled lizards
  A hobgoblin zombie (Ossuary)
  3 kobold zombies (Ossuary)
  3 orc zombies (Ossuary)
  9 rats
212 creatures vanquished.

Vanquished Creatures (others)
  An orc wizard (D:6)
  A fungus (D:8)
2 creatures vanquished.

Grand Total: 214 creatures vanquished

Notes
Turn   | Place    | Note
-------+----------+-------------------------------------------
     0 | D:1      | Elellon the Deep Elf Conjurer began the quest for the Orb.
     0 | D:1      | Reached XP level 1. HP: 10/10 MP: 6/6
   213 | D:1      | Reached XP level 2. HP: 5/15 MP: 1/8
   415 | D:1      | Learned a level 2 spell: Searing Ray
  1008 | D:2      | Reached skill level 4 in Spellcasting
  1019 | D:2      | Reached skill level 5 in Conjurations
  1019 | D:2      | Reached XP level 3. HP: 19/19 MP: 1/10
  1742 | D:2      | Noticed Robin
  1753 | D:2      | Killed Robin
  1980 | D:2      | Reached XP level 4. HP: 24/24 MP: 8/12
  2410 | D:3      | Reached skill level 5 in Spellcasting
  2506 | D:3      | Found a hazy altar of Hepliaklqana.
  2628 | D:3      | Noticed Terence
  2633 | D:3      | Killed Terence
  2633 | D:3      | Reached XP level 5. HP: 28/28 MP: 9/15
  3005 | D:4      | Got a transparent leather armour
  3056 | D:4      | Found a sand-covered staircase.
  3089 | D:4      | Learned a level 4 spell: Iskenderun's Mystic Blast
  3090 | Ossuary  | Entered an ossuary
  3232 | Ossuary  | Reached skill level 6 in Spellcasting
  3466 | Ossuary  | Reached XP level 6. HP: 32/32 MP: 10/17
  4078 | D:4      | Found a hazy altar of Hepliaklqana.
  4094 | D:4      | Reached skill level 7 in Spellcasting
  4557 | D:5      | Entered Level 5 of the Dungeon
  4557 | D:5      | Found an ornate altar of the Wu Jian Council.
  4606 | D:5      | Identified the +4 leather armour of Qame {-Tele rC+ rN+
                  | Regen+} (You found it on level 4 of the Dungeon)
  4903 | D:5      | Reached XP level 7. HP: 36/36 MP: 17/20
  5310 | D:5      | Noticed Sigmund
  5319 | D:5      | Killed Sigmund
  5319 | D:5      | Reached skill level 8 in Spellcasting
  5531 | D:5      | Found a bloodstained altar of Trog.
  5531 | D:5      | Found a stormy altar of Qazlal.
  5826 | D:5      | Reached skill level 9 in Spellcasting
  5869 | D:5      | Found a shadowy altar of Dithmenos.
  5951 | D:5      | Found a radiant altar of Vehumet.
  5964 | D:5      | Became a worshipper of Vehumet
  5970 | D:5      | Reached XP level 8. HP: 41/41 MP: 18/23
  5988 | D:5      | Identified the +5 chain mail "Uriuch" {MP+9}
  6056 | D:5      | Found a staircase to the Ecumenical Temple.
  6096 | Temple   | Entered the Ecumenical Temple
  6470 | D:6      | Noticed a hippogriff
  6477 | D:6      | Killed a hippogriff
  6477 | D:6      | Reached skill level 10 in Spellcasting
  6698 | D:6      | Reached skill level 1 in Fighting
  6803 | D:6      | Reached * piety under Vehumet
  6803 | D:6      | Offered knowledge of Foxfire by Vehumet.
  6807 | D:6      | Learned a level 1 spell: Foxfire
  6900 | D:6      | Reached XP level 9. HP: 48/48 MP: 12/25
  7608 | D:7      | Reached skill level 10 in Conjurations
  7773 | D:7      | Reached skill level 11 in Spellcasting
  7810 | D:7      | Reached skill level 5 in Dodging
  8139 | D:7      | Noticed Prince Ribbit
  8146 | D:7      | Killed Prince Ribbit
  8195 | D:7      | Reached ** piety under Vehumet
  8195 | D:7      | Offered knowledge of Freeze by Vehumet.
  8747 | D:8      | Noticed a queen bee
  8820 | D:8      | Reached skill level 1 in Fire Magic
  8859 | D:8      | Found Cehoxare's Weapon Shop.
  8989 | D:8      | Killed a queen bee
  8989 | D:8      | Reached XP level 10. HP: 45/56 MP: 11/27
  8997 | D:8      | HP: 1/56 [killer bee (9)]
  8997 | D:8      | Mangled by a killer bee

Levels and vault maps discovered:
D:1:      onia_arrival_pyramid, layout_basic, skrybe_limestone_x
D:2:      layout_loops_ring, first_ration, uniq_robin
D:3:      layout_rooms, overflow_temple_1_default, mrwooster_statue_mirror,
          uniq_terence
D:4:      layout_cave_pods, nicolae_ossuary_entry_ruins, minmay_ruined_shrine
D:5:      layout_loops_ring, lemuel_round_altar, kennysheep_mini,
          gammafunk_temple_overflow_elements, minmay_temple_entry_slanted,
          basic_altar, goddamned_bats, uniq_sigmund
D:6:      layout_gridville
D:7:      minmay_evil_eye, layout_loops_cross, uniq_prince_ribbit1
D:8:      layout_basic, elyvilon_altar_1, serial_shops, shop, david_nohive_1,
          nrook_loot_triangle
Temple:   eino_temple_rhombus

Skill      XL: |  1  2  3  4  5  6  7  8  9 |
---------------+----------------------------+-----
Spellcasting   | 4 5 6 7 9 10 11 | 11.7
Conjurations   | 5 6 7 8 9 10 | 10.6
Dodging        | 3 6 |  6.4
Fighting       | 1 3 |  3.9
Fire Magic     | 1 |  1.8
Stealth        | |  2.4

Action                   |  1- 3 |  4- 6 |  7- 9 | 10-12 || total
-------------------------+-------+-------+-------+-------++-------
Melee: Unarmed           |     7 |       |       |       ||     7
       Dagger            |       |       |     9 |       ||     9
 Cast: Magic Dart        |    81 |   105 |   111 |       ||   297
       Searing Ray       |     5 |    29 |    74 |     1 ||   109
       Iskenderun's Myst |       |       |     1 |     1 ||     2
  Use: Scroll            |       |     5 |     4 |       ||     9
  Eat: Chunk             |     3 |     9 |    13 |       ||    25
Armor: Robe              |     6 |     2 |       |       ||     8
       Leather armour    |       |     7 |    18 |     4 ||    29
Dodge: Dodged            |    19 |    17 |    55 |    14 ||   105

Table legend:
 A = Non-vault XP
 B = Vault XP
 C = Vault XP percentage of total XP
 D = Non-vault monster count
 E = Vault monster count
 F = Vault count percentage of total count
                 A         B        C        D         E       F
            +---------+---------+-------+---------+---------+-------
      Total |    4273 |    1528 |  26.3 |     151 |      62 |  29.1
            +---------+---------+-------+---------+---------+-------
        D:1 |      36 |       0 |   0.0 |      22 |       0 |   0.0
        D:2 |      26 |      36 |  58.1 |      13 |      12 |  48.0
        D:3 |      94 |      36 |  27.7 |      21 |       1 |   4.5
        D:4 |      69 |     155 |  69.2 |       8 |       7 |  46.7
        D:5 |     475 |     387 |  44.9 |      20 |      21 |  51.2
        D:6 |    1518 |       0 |   0.0 |      32 |       0 |   0.0
        D:7 |    1652 |     277 |  14.4 |      31 |       1 |   3.1
        D:8 |     403 |     486 |  54.7 |       4 |       4 |  50.0
    Ossuary |       0 |     151 | 100.0 |       0 |      16 | 100.0
            +---------+---------+-------+---------+---------+-------
